 Dungeon Crawl Stone Soup version 0.28.0-43-g3370ac3207 (webtiles) character file.

Game seed: 10257686378298334436

141275 safid the Warrior (level 17, -7/166 HPs)
             Began as a Hill Orc Fighter on Mar 23, 2022.
             Was a High Priest of Beogh.
             Killed from afar by Nikola (78 damage)
             ... with an arc of chain lightning
             ... on level 1 of the Snake Pit.
             The game lasted 01:28:17 (34742 turns).

safid the Warrior (Hill Orc Fighter)               Turns: 34742, Time: 01:28:18

Health: -7/166     AC: 26    Str: 32    XL:     17   Next: 3%
Magic:  26/29      EV:  8    Int:  4    God:    Beogh [*****.]
Gold:   1158       SH: 19    Dex: 10    Spells: 16/16 levels left

rFire   + + +      SeeInvis .   C - +8 broad axe of Chance {speed, rPois rC+ rN++ Int-4}
rCold   + + +      Faith    .   S - +2 shield of Resistance {rF++ rC++ Will++}
rNeg    + + .      Spirit   .   c - +1 plate armour of Slovenliness {Slay+4}
rPois   +          Reflect  +   a - +1 helmet of Autumn {Will+ Str+5}
rElec   .          Harm     .   H - +0 cloak
rCorr   +          Rampage  .   u - +2 pair of gloves of the Saviour {rF+}
Will    ++++.                   i - +0 pair of boots
Stlth   ..........              I - amulet of reflection
HPRegen 0.37/turn               q - ring of protection from cold
MPRegen 0.21/turn               r - ring of resist corrosion

@: lethally poisoned (-7 -> -10), studying Fighting
A: walk on water
}: 1/15 runes: decaying
a: Renounce Religion, Smiting, Recall Orcish Followers, Give Item to Named
Follower


You were on level 1 of the Snake Pit.
You worshipped Beogh.
Beogh was extremely pleased with you.
You visited 5 branches of the dungeon, and saw 28 of its levels.
You also visited: Bailey, Gauntlet and Ice Cave.

You collected 3631 gold pieces.
You spent 2473 gold pieces at shops.

Inventory:

Hand Weapons
 C - the +8 broad axe of Chance (weapon) {speed, rPois rC+ rN++ Int-4}
   (You bought it in a shop on level 3 of the Dungeon)

   Attacks with this weapon are significantly faster.
   Int:       It affects your intelligence (-4).
   rC:        It protects you from cold.
   rPois:     It protects you from poison.
   rN:        It greatly protects you from negative energy.
 L - the +5 morningstar "Winaim" {spect, rElec rC- rCorr}
   (You found it on level 4 of the Swamp)

   When its wielder attacks, the weapon's spirit leaps out and strikes again.
   The spirit shares a part of any damage it takes with its wielder.
   rC:        It makes you vulnerable to cold.
   rElec:     It insulates you from electricity.
   rCorr:     It protects you from acid and corrosion.
Missiles
 w - a throwing net (quivered)
 B - 19 poisoned darts
 Q - 6 javelins
Armour
 a - the +1 helmet of Autumn (worn) {Will+ Str+5}
   (You found it in a Gauntlet)

   Str:       It affects your strength (+5).
   Will:      It increases your willpower.
 c - the +1 plate armour of Slovenliness (worn) {Slay+4}
   (You found it in a Gauntlet)

   Slay:      It affects your accuracy & damage with ranged weapons and melee
   (+4).
 i - a +0 pair of boots (worn)
 u - the +2 pair of gloves of the Saviour (worn) {rF+}
   (You bought it in a shop on level 2 of the Orcish Mines)

   rF:        It protects you from fire.
 H - a +0 cloak (worn)
 M - the +4 ring mail of Fouthrofa {+Blink rC++ Will++}
   (You found it on level 1 of the Snake Pit)

   rC:        It greatly protects you from cold.
   +Blink:    It lets you blink.
   Will:      It greatly increases your willpower.
 S - the +2 shield of Resistance (worn) {rF++ rC++ Will++}
   (You found it in a Gauntlet)

   rF:        It greatly protects you from fire.
   rC:        It greatly protects you from cold.
   Will:      It greatly increases your willpower.
Jewellery
 b - a ring of positive energy
 q - a ring of protection from cold (left hand)
 r - a ring of resist corrosion (right hand)
 I - an amulet of reflection (around neck)
 J - a ring of protection from fire
 K - a ring of protection from fire
 X - a ring of see invisible
 Y - a +4 ring of evasion
Wands
 f - a wand of mindburst (17)
 j - a wand of charming (5)
 k - a wand of polymorph (27)
 o - a wand of paralysis (8)
 s - a wand of iceblast (26)
 y - a wand of flame (63)
 N - a wand of digging (4)
 T - a wand of acid (3)
Scrolls
 e - 13 scrolls of teleportation
 h - 2 scrolls of fear
 m - 4 scrolls of enchant armour
 x - a scroll of blinking
 A - 4 scrolls of magic mapping
 E - a scroll of holy word
 F - 3 scrolls of enchant weapon
 O - 2 scrolls of immolation {unknown}
 R - a scroll of fog {unknown}
 U - a scroll of brand weapon
Potions
 d - 4 potions of curing
 g - 4 potions of magic
 l - 3 potions of resistance
 n - a potion of flight
 p - 4 potions of might
 t - 5 potions of lignification
 v - a potion of brilliance
 z - a potion of berserk rage
 D - 2 potions of cancellation
 G - 2 potions of haste
 P - 2 potions of mutation
 W - a potion of invisibility
Miscellaneous
 V - a phantom mirror (inert)


   Skills:
 + Level 18.8 Fighting
 - Level 18.0 Axes
 - Level 14.0 Armour
 - Level 4.0 Dodging
 * Level 13.3 Shields
 - Level 16.2 Invocations
 + Level 9.3 Evocations


You had 16 spell levels left.
You didn't know any spells.
Your spell library contained the following spells:

 Spells                   Type           Power      Damage    Failure   Level
 Magic Dart               Conj           0%         1d3       99%         1
 Pain                     Necr           0%         1d4       99%         1
 Blink                    Tloc           0%         N/A       100%        2
 Searing Ray              Conj           0%         2d4       100%        2
 Static Discharge         Conj/Air       0%         N/A       100%        2
 Wereblood                Tmut           0%         N/A       100%        2
 Call Canine Familiar     Summ           0%         N/A       100%        3
 Confusing Touch          Hex            0%         N/A       100%        3
 Frozen Ramparts          Ice            0%         1d2       100%        3
 Lesser Beckoning         Tloc           0%         N/A       100%        3
 Ozocubu's Armour         Ice            0%         N/A       100%        3
 Portal Projectile        Hex/Tloc       0%         N/A       100%        3
 Spider Form              Tmut/Pois      0%         N/A       100%        3
 Summon Guardian Golem    Hex/Summ       0%         N/A       100%        3
 Dispel Undead            Necr           0%         3d6       100%        4
 Fulminant Prism          Conj/Hex       0%         3d6       100%        4
 Ice Form                 Ice/Tmut       0%         N/A       100%        4
 Leda's Liquefaction      Hex/Erth       0%         N/A       100%        4
 Petrify                  Tmut/Erth      0%         N/A       100%        4
 Sticky Flame             Conj/Fire      0%         2d3       100%        4
 Alistair's Intoxication  Tmut/Pois      0%         N/A       100%        5
 Blade Hands              Tmut           0%         N/A       100%        5
 Freezing Cloud           Conj/Ice/Air   0%         6-21      100%        5
 Irradiate                Conj/Tmut      0%         3d13      100%        5
 Manifold Assault         Tloc           0%         N/A       100%        5
 Metabolic Englaciation   Hex/Ice        0%         N/A       100%        5
 Yara's Violent Unravell  Hex/Tmut       0%         3d3       100%        5
 Eringya's Noxious Bog    Tmut/Pois      0%         N/A       100%        6
 Simulacrum               Ice/Necr       0%         N/A       100%        6
 Statue Form              Tmut/Erth      0%         N/A       100%        6
 Dragon Form              Tmut           0%         N/A       100%        7
 Enfeeble                 Hex            0%         N/A       100%        7
 Malign Gateway           Summ/Tloc      0%         N/A       100%        7
 Orb of Destruction       Conj           0%         9d5       100%        7
 Ozocubu's Refrigeration  Ice            0%         4d5       100%        7
 Spellforged Servitor     Conj/Summ      0%         N/A       100%        7
 Summon Horrible Things   Summ           0%         N/A       100%        8
 Polar Vortex             Ice            0%         N/A       100%        9


Dungeon Overview and Level Annotations

Branches:
Dungeon (15/15)            Temple (0/1) D:4            Lair (6/6) D:10
  Swamp (4/4) Lair:4        Snake (1/4) Lair:4        Slime (0/5) Lair:6
    Orc (2/2) D:11            Elf (0/3) Orc:2        Vaults (0/5) D:13
 Depths (0/4) D:15         Bailey (visited)           IceCv (visited)
Gauntlet (visited)

Altars:
Gozag
Hepliaklqana
Kikubaaqudgha
Nemelex Xobeh
Okawaru
Sif Muna
Trog
Xom
The Shining One
Jiyva

Shops:
D:3 (   D:6 *   Orc:2 :[:=

Annotations:
D:6 Sigmund
Snake:1 Nikola


Message History

Unknown command.
Unknown command.
Unknown command.
Unknown command.
You slice Nikola!!
Nikola is heavily wounded.
You slice the naga warrior!!
You feel sick.
Bogrim no longer looks unusually strong.
The naga sharpshooter mumbles some strange words.
The naga sharpshooter magically shoots an arrow.
The arrow barely misses you.
Nikola hits Nikola with a +4 rapier of electrocution!
Lightning courses through Nikola!
Nikola hits Nikola with a +4 rapier of electrocution!
Unknown command.
Unknown command.
You slice Nikola!!
Nikola is severely wounded.
You closely miss the guardian serpent.
You hit the naga warrior but do no damage.
The guardian serpent casts a spell at you.
The naga blinks!
Bogrim roars a battlecry!
Olfrun goes into a battle-frenzy!
Olfrun roars a battlecry!
Bogrim goes into a battle-frenzy!
The naga sharpshooter shoots an arrow.
You reflect the arrow off an invisible shield around you!
The arrow hits the naga sharpshooter!
Unknown command.
You barely miss Nikola.
Nikola is severely wounded.
You closely miss the naga. You slice the naga warrior!!
You slash the guardian serpent!
You feel sick.
The naga warrior roars a battlecry!
The naga goes into a battle-frenzy!
You block the naga's attack. x2; The guardian serpent hits you!
Nikola casts a spell.
Lightning arcs from Nikola's hands!
The bolt of lightning hits you!!!!
You die...

###...≈.§#....≈.§#)#
....§§§§#.≈≈.≈.≈#N#
#..§§§.≈§§≈.≈.≈#)#
#...≈..§@)([≈..#o#
#.≈.≈######§.≈o#
#.≈.≈≈...§§§.§§#
#...#..N.≈§§§..#.#
##..##≈≈N.§≈≈§##)#
#....S@N.§.oo.o.#
####.@##..#######
#@....## ......##
....... #...####
##.. #.$


You could see Nikola (ally target), a naga warrior, a naga sharpshooter (strong,
catching breath), a guardian serpent, a naga (strong), the friendly Nikola
(summoned, drained), the friendly Bogrim the orc warlord (strong) and the
friendly Olfrun the orc knight (strong).

Vanquished Creatures
  A tentacled monstrosity (Swamp:3)
  2 eleionomae
  A minotaur (Gauntlet)
  A white draconian (IceCv)
  3 bunyips
  A fire dragon (Lair:6)
  3 shambling mangroves
  10 hydras
  5 vault guards (D:13)
  A boulder beetle (D:15)
  3 ghost crabs
  A salamander tyrant (Snake:1)
  A catoblepas (D:13)
  An anaconda (Snake:1)
  4 centaur warriors
  2 two-headed ogres
  8 alligators
  2 tengu warriors (D:15)
  An orc high priest (Orc:2)
  A soul eater (Gauntlet)
  A wretched star (Gauntlet)
  2 spriggan druids (Swamp:1)
  A salamander mystic (Snake:1)
  A naga ritualist (Snake:1)
  5 goliath frogs
  5 bog bodies
  2 swamp dragons
  2 spectral hydras (Swamp:4)
  A deep elf archer (D:13)
  A lindwurm (Lair:6)
  4 orc knights
  A phantasmal warrior (Swamp:4)
  A mana viper (Snake:1)
  An oklob plant (Gauntlet)
  An ugly thing (D:13)
  A wizard (D:13)
  A manticore (D:14)
  2 orc sorcerers
  2 salamanders (Snake:1)
  4 will-o-the-wisps
  A cyclops (D:12)
  7 elephants
  A torpor snail (Lair:6)
  2 ice statues (IceCv)
  2 molten gargoyles (Lair:6)
  5 black mambas
  Joseph (D:10)
  11 cane toads
  An efreet (D:14)
  7 rime drakes
  12 komodo dragons
  4 swamp worm zombies (Swamp:4)
  Maggie (D:6)
  A freezing wraith (D:14)
  A tengu conjurer (D:15)
  2 trolls
  A hydra zombie (Swamp:4)
  12 hornets
  A polar bear (Lair:2)
  4 bloated husks
  A spectral swamp dragon (Swamp:4)
  4 tyrant leeches
  7 slime creatures
  Prince Ribbit (D:6)
  4 dream sheep (Lair:6)
  12 blink frogs
  2 alligator zombies (Swamp:4)
  5 spriggans
  A shadow (D:10)
  5 wraiths
  4 wyverns
  46 yaks
  A human (shapeshifter) (D:14)
  3 steam dragons
  A neqoxec (Gauntlet)
  3 basilisks
  3 vampire mosquitoes (Swamp:1)
  5 wargs
  7 nagas
  13 swamp worms
  9 water moccasins
  2 hell hounds (Lair:6)
  3 acid dragons
  6 orc warriors
  2 necrophages
  3 ogres
  3 swamp drakes (Swamp:3)
  4 black bears
  An ice beast (D:6)
  6 wolves (Lair:5)
  10 centaurs
  2 small abominations (Gauntlet)
  3 kobold brigands
  4 phantoms
  3 bullfrogs
  2 scorpions
  2 water moccasin skeletons
  2 wights (D:8)
  3 lindwurm simulacra (IceCv)
  4 killer bees
  2 electric eels (Lair:1)
  8 howler monkeys
  3 lava snakes (Lair:6)
  3 bullfrog zombies
  3 centaur zombies
  2 jellies
  4 orc priests
  A gnoll shaman (D:9)
  7 komodo dragon simulacra (IceCv)
  7 hounds
  An iguana (D:5)
  A centaur skeleton (D:6)
  13 orc wizards
  Natasha (twice) (D:2)
  A killer bee zombie (D:8)
  2 hound skeletons
  2 howler monkey zombies (D:7)
  5 gnolls
  A swamp drake zombie (Swamp:4)
  6 acid dragon simulacra (IceCv)
  5 adders
  2 shadow imps (Gauntlet)
  2 white imps
  5 steam dragon simulacra (IceCv)
  2 worms
  A dart slug (D:4)
  26 orcs
  8 bats
  8 endoplasms
  A giant cockroach (D:4)
  16 goblins
  2 hobgoblins
  4 jackals
  A quokka (D:4)
  4 ball pythons
  2 frilled lizards
  17 kobolds
  10 rats
  A bush (D:14)
561 creatures vanquished.

Vanquished Creatures (collateral kills)
  A bone dragon (Swamp:4)
  Gastronok (D:8)
  A thorn hunter (Swamp:1)
  Louise (Swamp:3)
  A stone giant (D:15)
  An eleionoma (Swamp:1)
  A bunyip (Swamp:2)
  Josephine (D:15)
  7 hydras
  A ghost crab (Swamp:4)
  2 boulder beetles
  4 alligators
  2 anacondas (Snake:1)
  2 two-headed ogres
  A salamander mystic (Snake:1)
  2 goliath frogs (Swamp:3)
  A death drake (Swamp:4)
  2 lindwurms
  A swamp dragon (Swamp:3)
  2 spectral hydras (Swamp:4)
  A mana viper (Snake:1)
  2 deep elf pyromancers
  2 oklob plants
  An ugly thing (D:13)
  An orc sorcerer (Orc:2)
  2 will-o-the-wisps
  10 elephants
  7 salamanders (Snake:1)
  3 black mambas
  An efreet (D:13)
  An unseen horror (D:10)
  2 cane toads
  A yaktaur (D:13)
  2 komodo dragons
  4 trolls
  2 hydra zombies (Swamp:4)
  4 tyrant leeches
  A bloated husk (Swamp:4)
  2 polar bears (D:11)
  3 hornets
  3 alligator zombies (Swamp:4)
  2 spectral swamp dragons (Swamp:4)
  2 dream sheep
  6 blink frogs
  A slime creature (D:15)
  30 yaks
  2 wraiths
  A basilisk (Lair:6)
  3 wyverns
  A warg (D:11)
  A swamp worm (Swamp:1)
  A naga (Snake:1)
  An acid dragon (D:14)
  2 hell hounds (Lair:6)
  6 water moccasins
  3 orc warriors
  A black bear (Lair:2)
  4 swamp dragon zombies (Swamp:4)
  2 centaurs
  2 phantoms (Swamp:4)
  3 bullfrogs
  A wight (D:8)
  2 lava snakes (Lair:6)
  2 orc priests (Orc:2)
  5 orc wizards
  6 orcs
  4 bushes
184 creatures vanquished.

Vanquished Creatures (others)
  2 orc warlords
  3 orc sorcerers
  2 orc high priests
  4 orc knights
  A will-o-the-wisp (Swamp:3)
  4 bloated husks
  3 orc warriors
  A phantom (Swamp:4)
  A hound (D:6)
  4 orc priests
  Natasha (D:2)
  6 orc wizards
  28 orcs
  13 bushes (Lair:5)
  2 demonic plants (Gauntlet)
  14 foxfires
  44 fungi
  64 plants
197 creatures vanquished.

Grand Total: 942 creatures vanquished

Notes
Turn   | Place    | Note
-------+----------+-------------------------------------------
     0 | D:1      | safid the Hill Orc Fighter began the quest for the Orb.
     0 | D:1      | Reached XP level 1. HP: 19/19 MP: 1/1
   238 | D:1      | Reached XP level 2. HP: 27/27 MP: 2/2
   685 | D:1      | Found a shimmering altar of Xom.
   760 | D:2      | Found a faded altar of an unknown god.
   996 | D:2      | Became a worshipper of Beogh the Brigand
  1056 | D:2      | Reached XP level 3. HP: 33/33 MP: 3/3
  1180 | D:2      | Noticed Natasha
  1190 | D:2      | HP: 1/33 [Natasha (4)]
  1192 | D:2      | Killed Natasha
  1193 | D:2      | Reached XP level 4. HP: 1/40 MP: 4/4
  1306 | D:2      | Killed Natasha
  1324 | D:2      | Noticed Natasha
  1333 | D:2      | Killed Natasha
  1608 | D:2      | Got the Handbook of Mutagenic Poison
  1925 | D:3      | Reached skill level 5 in Axes
  2012 | D:3      | Reached XP level 5. HP: 44/46 MP: 5/5
  2282 | D:3      | Found Cuamn's Weapon Boutique.
  2305 | D:3      | Found an ancient bone altar of Kikubaaqudgha.
  3078 | D:4      | Found a sparkling altar of Nemelex Xobeh.
  3096 | D:4      | Found a glowing golden altar of the Shining One.
  3132 | D:4      | Noticed a black bear
  3140 | D:4      | Killed a black bear
  3141 | D:4      | Reached XP level 6. HP: 41/52 MP: 6/6
  3443 | D:4      | Noticed a black bear
  3466 | D:4      | Killed a black bear
  3466 | D:4      | Reached * piety under Beogh
  3577 | D:4      | Found a staircase to the Ecumenical Temple.
  3930 | D:5      | Entered Level 5 of the Dungeon
  3957 | D:5      | Reached XP level 7. HP: 25/59 MP: 7/7
  4331 | D:5      | HP: 2/59 [orc/+0 mace (1)]
  4791 | D:5      | Reached skill level 10 in Axes
  5111 | D:5      | Reached XP level 8. HP: 44/66 MP: 8/8
  5561 | D:6      | Noticed Maggie
  5575 | D:6      | Killed Maggie
  6022 | D:6      | Found a shimmering altar of Xom.
  6058 | D:6      | Reached ** piety under Beogh
  6059 | D:6      | Reached XP level 9. HP: 71/71 MP: 9/9
  6398 | D:6      | Found a hazy altar of Hepliaklqana.
  6408 | D:6      | Noticed Prince Ribbit
  6418 | D:6      | Killed Prince Ribbit
  6419 | D:6      | Reached skill level 15 in Axes
  6463 | D:6      | Found Muenguuco's Overcharged Wands.
  6586 | D:6      | Found a bloodstained altar of Trog.
  6688 | D:6      | Found a glowing golden altar of the Shining One.
  6693 | D:6      | Noticed Sigmund
  7518 | D:7      | Found a flagged portal.
  7570 | Bailey   | Entered a bailey
  7942 | Bailey   | Reached *** piety under Beogh
  7945 | Bailey   | Reached XP level 10. HP: 8/78 MP: 10/10
  8378 | Bailey   | Found a large runed translucent door.
  8378 | Bailey   | Found a large runed translucent door.
  8379 | Bailey   | Noticed a deep elf zephyrmancer
  8393 | Bailey   | Noticed an orc knight
  8435 | Bailey   | HP: 2/78 [orc knight/+0 halberd (17)]
  9873 | D:8      | Noticed a two-headed ogre
  9879 | D:8      | Paralysed by a hornet for 2 turns
  9898 | D:8      | Killed a two-headed ogre
  9899 | D:8      | Reached skill level 5 in Fighting
  9899 | D:8      | Reached skill level 5 in Armour
 10426 | D:8      | Found an iron altar of Okawaru.
 10446 | D:8      | Noticed Gastronok
 10472 | D:8      | Killed Gastronok
 11063 | D:9      | Noticed a two-headed ogre
 11506 | D:9      | Found a shimmering blue altar of Sif Muna.
 11507 | D:9      | Found an opulent altar of Gozag.
 11528 | D:9      | Reached XP level 11. HP: 59/92 MP: 11/11
 11549 | D:9      | Reached **** piety under Beogh
 11550 | D:9      | Found a bloodstained altar of Trog.
 11793 | D:9      | Killed a two-headed ogre
 11793 | D:9      | Gained Borgk as an ally
 11993 | D:10     | Entered Level 10 of the Dungeon
 11993 | D:10     | Noticed an oklob plant
 12201 | D:10     | Noticed Joseph
 12212 | D:10     | Killed Joseph
 12930 | D:10     | Found a staircase to the Lair.
 13000 | D:10     | Killed an oklob plant
 13001 | D:10     | Reached skill level 10 in Fighting
 13215 | Lair:1   | Entered Level 1 of the Lair of Beasts
 14529 | Lair:2   | Reached skill level 10 in Armour
 14781 | Lair:2   | Reached XP level 12. HP: 86/110 MP: 12/12
 15032 | Lair:2   | Noticed a seven-headed hydra
 15246 | Lair:2   | Noticed a four-headed hydra
 15254 | Lair:2   | Killed a seven-headed hydra
 15380 | Lair:2   | Killed an eight-headed hydra
 15380 | Lair:2   | Gained Orik as an ally
 15512 | Lair:2   | Identified a scroll of acquirement
 15513 | Lair:2   | Acquired 663 gold pieces
 15695 | D:3      | Bought the +8 broad axe of Chance {speed, rPois rC+ rN++
                  | Int-4} for 795 gold pieces
 16041 | Lair:2   | Reached skill level 1 in Invocations
 16669 | Lair:3   | Noticed a seven-headed hydra
 16675 | Lair:3   | Killed a seven-headed hydra
 17298 | Lair:3   | Noticed a six-headed hydra
 17307 | Lair:3   | Killed a nine-headed hydra
 17778 | Lair:4   | Found a frozen archway.
 17787 | IceCv    | Entered an ice cave
 17821 | IceCv    | Reached skill level 5 in Invocations
 18249 | IceCv    | Noticed a white draconian
 18256 | IceCv    | Reached ***** piety under Beogh
 18267 | IceCv    | Killed a white draconian
 18345 | IceCv    | Identified the amulet "Isupt" {rC- Regen+ Int+6}
 18445 | Lair:4   | Reached XP level 13. HP: 112/122 MP: 17/17
 18469 | Lair:4   | Found a staircase to the Snake Pit.
 18549 | Lair:4   | Found a staircase to the Swamp.
 19278 | Lair:4   | Identified the +12 hand axe of Absolution {spect, rC++
                  | Int-5 Dex+4}
 19841 | Lair:5   | Gained Bogrim as an ally
 19868 | Lair:5   | You fall into a shaft and drop 1 floor!
 19868 | Lair:6   | Entered Level 6 of the Lair of Beasts
 20472 | Lair:6   | Reached skill level 10 in Invocations
 20754 | Lair:6   | Reached XP level 14. HP: 126/132 MP: 21/23
 20942 | Lair:6   | Found a large runed translucent door.
 20943 | Lair:6   | Found a large runed translucent door.
 21101 | Lair:6   | Found a staircase to the Slime Pits.
 21102 | Lair:6   | Found a viscous altar of Jiyva.
 21169 | Lair:6   | Reached ****** piety under Beogh
 21170 | Lair:6   | Reached skill level 1 in Evocations
 21815 | D:11     | Found a staircase to the Orcish Mines.
 21975 | D:11     | Found a bloodstained altar of Trog.
 22641 | Orc:1    | Entered Level 1 of the Orcish Mines
 22721 | Orc:2    | Entered Level 2 of the Orcish Mines
 22721 | Orc:2    | Found a staircase to the Elven Halls.
 22900 | Orc:2    | Reached skill level 15 in Invocations
 22914 | Orc:2    | Gained Arbeogh as an ally
 22915 | Orc:2    | Your ally Arbeogh died
 23088 | Orc:2    | Found Xuej's Book Emporium.
 23088 | Orc:2    | Found Ginuahu's Antique Armour Shop.
 23161 | Orc:2    | Found Xuf Dum's Jewellery Shop.
 23161 | Orc:2    | Found Xaddom's Book Emporium.
 23167 | Orc:2    | Bought a pair of translucent gloves for 218 gold pieces
 23167 | Orc:2    | Identified the +2 pair of gloves of the Saviour {rF+} (You
                  | bought it in a shop on level 2 of the Orcish Mines)
 23175 | Orc:2    | Bought an amulet of reflection for 420 gold pieces
 23189 | Orc:2    | Bought a manual of Fighting for 1040 gold pieces
 24010 | D:12     | Reached skill level 5 in Evocations
 24981 | D:13     | Found a gate leading to a gauntlet.
 24990 | Gauntlet | Entered a Gauntlet
 24990 | Gauntlet | Found a transporter.
 24990 | Gauntlet | Found a transporter.
 24990 | Gauntlet | Found a transporter.
 25010 | Gauntlet | Found a transporter.
 25020 | Gauntlet | Found a transporter.
 25024 | Gauntlet | Found a transporter.
 25036 | Gauntlet | Found a transporter.
 25056 | Gauntlet | Found a transporter.
 25075 | Gauntlet | Found a transporter.
 25077 | Gauntlet | Found a transporter.
 25087 | Gauntlet | Found a transporter.
 25091 | Gauntlet | Found a transporter.
 25284 | Gauntlet | Identified the +1 plate armour of Slovenliness {Slay+4}
 25465 | Gauntlet | Identified the +1 helmet of Autumn {Will+ Str+5}
 25491 | Gauntlet | Identified the +10 great mace of Saltpetre {vorpal, Str+4}
 25501 | Gauntlet | Found the +2 shield of Resistance {rF++ rC++ Will++}
 25504 | Gauntlet | Reached skill level 1 in Dodging
 25751 | Gauntlet | Got Qosor's Collected Works on Sinister Secrets and Cold
 25755 | Gauntlet | Identified the +1 ring mail of the Pink Corner {rN+ Int+2}
 26000 | D:13     | Reached skill level 5 in Shields
 26087 | D:13     | Reached skill level 15 in Fighting
 26088 | D:13     | Reached XP level 15. HP: 141/141 MP: 26/26
 26528 | D:13     | Found a gate to the Vaults.
 27572 | D:15     | Entered Level 15 of the Dungeon
 27967 | D:15     | Noticed Josephine
 27975 | D:15     | Killed Josephine
 28561 | D:15     | Identified the +5 trident of the Unspeakable One {flame,
                  | Will+ Dex+4}
 28841 | D:15     | Found a staircase to the Depths.
 29241 | Swamp:1  | Entered Level 1 of the Swamp
 29241 | Swamp:1  | Noticed a thorn hunter
 29250 | Swamp:1  | Killed a thorn hunter
 30301 | Swamp:2  | Gained Rocco as an ally
 30315 | Swamp:2  | Gained Olfrun as an ally
 30327 | Swamp:2  | Your ally Borgk died
 30333 | Swamp:2  | Your ally Rocco died
 30334 | Swamp:2  | Reached skill level 10 in Shields
 30334 | Swamp:2  | Reached XP level 16. HP: 148/152 MP: 28/28
 31380 | Swamp:3  | Noticed Louise
 31605 | Swamp:3  | Killed Louise
 31620 | Swamp:3  | Gained Herok as an ally
 32177 | Swamp:3  | Noticed a tentacled monstrosity
 32191 | Swamp:3  | Killed a tentacled monstrosity
 32792 | Swamp:4  | Entered Level 4 of the Swamp
 33607 | Swamp:4  | Your ally Herok died
 33627 | Swamp:4  | Noticed a bone dragon
 33629 | Swamp:4  | Killed a bone dragon
 33656 | Swamp:4  | HP: 1/158 [spectral spriggan berserker[a ghost crab] (14)]
 33661 | Swamp:4  | Your ally Orik died
 34100 | Swamp:4  | Identified the +5 morningstar "Winaim" {spect, rElec rC-
                  | rCorr}
 34108 | Swamp:4  | Got a decaying rune of Zot
 34412 | Snake:1  | Entered Level 1 of the Snake Pit
 34415 | Snake:1  | Identified the +4 ring mail of Fouthrofa {+Blink rC++
                  | Will++}
 34707 | Snake:1  | Reached XP level 17. HP: 135/166 MP: 20/29
 34733 | Snake:1  | Noticed Nikola
 34742 | Snake:1  | Killed from afar by Nikola

Illustrated notes

Levels and vault maps discovered:
D:1:      sevenhm_arrival_forest_fort_small_6, layout_basic,
          minmay_tiny_reverse_x
D:2:      layout_basic, nicolae_ecumenical_oubliette, uniq_natasha
D:3:      layout_basic, nicolae_kikubaaqudgha_miasma_corner, serial_shops,
          nicolae_square_shop
D:4:      layout_basic, mainiacjoe_overflow_catch_the_wave, temple_statues
D:5:      layout_basic
D:6:      layout_layer_cave, lemuel_tele_altar, mainiacjoe_overflow_paths,
          serial_bayou_pond_b, hangedman_feature_mirror,
          nicolae_shop_overcharged_wands, uniq_maggie, uniq_prince_ribbit1,
          uniq_sigmund
D:7:      layout_basic, lightli_bailey_entry_fortress,
          minmay_misc_feat_secret_circle
D:8:      layout_rooms, kennysheep_okawaru_gauntlet, uniq_gastronok
D:9:      layout_rooms, chequers_temple_overflow_statue_of_worship,
          minmay_quadrilaterals
D:10:     layout_rooms, dpeg_oklobed_lair, uniq_joseph
D:11:     layout_long_grid, minmay_orc_entry_guard_dogs, trog_ov_bears_minmay
D:12:     layout_stronghold
D:13:     layout_loops_cross, grunt_vaults_entry_fortified,
          gauntlet_entry_generic, minmay_diced_spiral
D:14:     layout_long_grid, serial_park_square2
D:15:     grunt_enter_depths_snipers, layout_basic, minmay_misc_feat_rugged,
          uniq_josephine
Lair:1:   layout_cave_pods, minivault_11, chequers_serial_rivers_small_3,
          st_stairs_9, serial_bayou_shore_b, infiniplex_staircase_pool
Lair:2:   layout_gridlike, beast_lair_carwin_3
Lair:3:   layout_gridlike
Lair:4:   layout_cave_pods, swamp_mist_pool, minmay_snake_entry_guardpost_small,
          portal_ice_cave_entry_pillars_1, serial_bayou_shore_b,
          lemuel_fruit_tree, grunt_megastairs_3
Lair:5:   layout_gridlike, minmay_hedge_maze
Lair:6:   cheibrodos_lair_end_hotspot, layout_regular_city, slime_altar_1,
          lemuel_old_faithful
Swamp:1:  layout_basic_swamp, evilmike_swamp_ruin_house_6
Swamp:2:  nicolae_swamp_long_stream, layout_basic_swamp,
          nicolae_swamp_round_clearing, nicolae_swamp_super_fun_site
Swamp:3:  layout_basic_swamp, nicolae_swamp_very_dense_foliage, swamp_pool5,
          uniq_louise
Swamp:4:  swamp_pestilence, layout_basic_swamp
Snake:1:  gammafunk_its_a_trap, layout_misc_corridors,
          nicolae_snake_salamander_fort, minmay_shop_grove, uniq_nikola
Orc:1:    layout_diamond_mine
Orc:2:    grunt_orc_tribal_feast, layout_diamond_mine

Skill      XL: |  1  2  3  4  5  6  7  8  9 10 11 12 13 14 15 16 |
---------------+-------------------------------------------------+-----
Axes           | 3 5 7 8 11 14 17 18 | 18.0
Fighting       | 4 7 11 13 14 15 16 18 | 18.8
Armour         | 4 7 10 12 14 | 14.0
Shields        | 4 5 10 13 | 13.3
Invocations    | 6 12 15 16 | 16.2
Evocations     | 5 7 9 |  9.3
Dodging        | 1 4 |  4.0

Action                   |  1- 3 |  4- 6 |  7- 9 | 10-12 | 13-15 | 16-18 || total
-------------------------+-------+-------+-------+-------+-------+-------++-------
Melee: War axe           |    64 |   115 |   100 |       |       |       ||   279
       Broad axe         |       |       |   213 |   511 |   804 |   277 ||  1805
Throw: Javelin           |       |     1 |     2 |     6 |       |       ||     9
       Throwing net      |       |       |       |     1 |       |       ||     1
Invok: Convert to Beogh  |     1 |       |       |       |       |       ||     1
       Smiting           |       |       |       |     6 |    14 |    17 ||    37
       Recall Orcish Fol |       |       |       |     2 |    12 |     5 ||    19
       Give Item to Name |       |       |       |       |     3 |     1 ||     4
       Stop Recall       |       |       |       |       |     6 |     5 ||    11
Evoke: Wand              |       |       |       |     4 |       |       ||     4
       Phantom mirror    |       |       |       |       |       |     1 ||     1
  Use: Scroll            |       |       |     8 |    17 |     7 |     4 ||    36
       Potion            |       |       |     2 |     2 |     3 |     6 ||    13
 Stab: Confused          |       |       |       |     2 |       |       ||     2
       Distracted        |       |       |       |     1 |     6 |     3 ||    10
       Paralysed         |       |       |       |       |     4 |     2 ||     6
       Invisible         |       |       |       |       |     3 |       ||     3
Armor: Scale mail        |    22 |    66 |     4 |       |       |       ||    92
       Skin              |       |     4 |       |       |       |       ||     4
       Chain mail        |       |       |    40 |       |       |       ||    40
       Acid dragon scale |       |       |   110 |       |       |       ||   110
       Plate armour      |       |       |       |   203 |   345 |   190 ||   738
Dodge: Dodged            |    22 |    56 |   156 |    96 |   127 |    66 ||   523
Block: Buckler           |    19 |    32 |    78 |    55 |    95 |       ||   279
       Kite shield       |       |       |       |       |   151 |   240 ||   391
       Reflection        |       |       |       |       |    23 |    13 ||    36
